 Dungeon Crawl Stone Soup version 0.28-a0-655-g4eb62b627b (webtiles) character file.

Game seed: 9002043687392441278

11060 kipponium the Severer (level 11, -8/78 HPs)
             Began as a Demonspawn Monk on Oct 12, 2021.
             Was a High Priest of Makhleb.
             Killed from afar by a ynoxinul (30 damage)
             ... with an iron shot
             ... summoned by the player character
             ... on level 1 of the Orcish Mines.
             The game lasted 00:34:33 (12734 turns).

kipponium the Severer (Demonspawn Monk)            Turns: 12734, Time: 00:34:33

Health: -8/78      AC: 11    Str: 14    XL:     11   Next: 44%
Magic:  12/12      EV: 13    Int: 12    God:    Makhleb [*****.]
Gold:   788        SH:  0    Dex: 16    Spells: 10/10 levels left

rFire   . . .      SeeInvis .   G - +0 war axe (vorpal)
rCold   . . .      Faith    .   (no shield)
rNeg    . . .      Spirit   .   H - +0 steam dragon scales
rPois   +          Reflect  .   z - +0 helmet
rElec   .          Harm     .   (cloak unavailable)
rCorr   .          Rampage  .   I - +0 pair of gloves
Will    .....                   (no boots)
Stlth   ++........              (no amulet)
HPRegen 0.23/turn               e - +4 ring of protection
MPRegen 0.26/turn               u - ring of poison resistance

@: studying Necromancy
A: spiny 2, magic regeneration, sturdy frame 2, weakness stinger 3
a: Renounce Religion, Minor Destruction, Lesser Servant of Makhleb, Major
Destruction, Greater Servant of Makhleb


You were on level 1 of the Orcish Mines.
You worshipped Makhleb.
Makhleb was extremely pleased with you.
You visited 2 branches of the dungeon, and saw 12 of its levels.
You also visited: Sewer.

You collected 788 gold pieces.

Inventory:

Hand Weapons
 y - a +0 battleaxe
 G - a +0 vorpal war axe (weapon)
Missiles
 l - 2 curare-tipped darts
 p - 47 poisoned darts (quivered)
 C - a throwing net
Armour
 z - a +0 helmet (worn)
 E - a +2 chain mail of fire resistance
 H - +0 steam dragon scales (worn)
 I - a +0 pair of gloves (worn)
Jewellery
 e - a +4 ring of protection (left hand)
 f - a ring of willpower
 m - a +4 ring of protection
 u - a ring of poison resistance (right hand)
 J - a ring of magical power
Wands
 x - a wand of acid (4)
 A - a wand of flame (35)
 F - a wand of digging (11)
Scrolls
 a - a scroll of brand weapon
 b - a scroll of vulnerability {unknown}
 c - 3 scrolls of magic mapping
 d - a scroll of teleportation {unknown}
 h - 2 scrolls of fog {unknown}
 i - 3 scrolls of noise {unknown}
 j - 3 scrolls of enchant armour {unknown}
 k - a scroll of immolation {unknown}
 o - a scroll of summoning {unknown}
 t - 2 scrolls of amnesia {unknown}
 B - 2 scrolls of enchant weapon {unknown}
Potions
 g - 3 potions of cancellation
 n - 4 potions of resistance
 q - a potion of curing
 r - 2 potions of flight
 s - a potion of heal wounds
 v - a potion of lignification
 w - 2 potions of might
 D - a potion of attraction


   Skills:
 + Level 4.8 Fighting
 - Level 16.0 Axes
 + Level 3.7 Dodging
 - Level 1.7 Stealth
 * Level 2.2 Invocations
 - Level 0.3 Evocations


You had 10 spell levels left.
You didn't know any spells.
Your spell library contained the following spells:

 Spells                   Type           Power      Damage    Failure   Level
 Sandblast                Erth           0%         2d4       32%         1
 Shock                    Conj/Air       0%         1d3       32%         1
 Passwall                 Tmut/Erth      0%         N/A       45%         2
 Stone Arrow              Conj/Erth      0%         3d7       69%         3
 Swiftness                Air            0%         N/A       69%         3
 Airstrike                Air            0%         N/A       97%         4
 Alistair's Intoxication  Tmut/Pois      0%         N/A       100%        5
 Borgnjor's Vile Clutch   Necr/Erth      0%         N/A       100%        5
 Eringya's Noxious Bog    Tmut/Pois      0%         N/A       100%        6


Dungeon Overview and Level Annotations

Branches:
Dungeon (10/15)            Temple (0/1) D:4            Lair (0/6) D:10
    Orc (2/2) D:10            Elf (0/3) Orc:2         Sewer (visited)

Altars:
Ashenzari
Cheibriados
Dithmenos
Elyvilon
Makhleb
Nemelex Xobeh
Ru
Xom
Zin

Annotations:
D:7 1 runed translucent door, Crazy Yiuf


Innate Abilities, Weirdness & Mutations

You are mostly covered in sharp spines.
You regenerate magic rapidly.
Your movements are less encumbered by armour. (ER -4)
You have a sharp stinger which inflicts weakening toxins.


Message History

The ufetubus disappears in a puff of smoke!
The ynoxinul gestures.
You barely miss the ufetubus.
The ufetubus hits you but does no damage.
The ufetubus barely misses you.
You closely miss the ufetubus. The ufetubus closely misses you. x2
You closely miss the ufetubus.
You tail-slap the ufetubus, but do no damage.
The ufetubus is struck by your spines.
You kill the ufetubus!
The ufetubus disappears in a puff of smoke!
You slash the ufetubus!
You kill the ufetubus!
The ufetubus disappears in a puff of smoke!
You slash the ufetubus!
You kill the ufetubus!
The ufetubus disappears in a puff of smoke!
The ufetubus is struck by your spines. The ufetubus barely misses you.
The ufetubus hits you but does no damage.
You hit the ynoxinul.
The ynoxinul is moderately wounded.
You hit the ufetubus but do no damage. The ynoxinul closely misses you.
The ufetubus is struck by your spines.
You kill the ufetubus!
The ufetubus disappears in a puff of smoke!
You closely miss the ynoxinul.
The ynoxinul is moderately wounded.
You hit the ynoxinul.
Your tail-slap misses the ynoxinul.
The ynoxinul is heavily wounded.
You hit the ufetubus. The ufetubus barely misses you. The ufetubus misses you.
The ynoxinul hits you!
You slash the ynoxinul!
The ynoxinul is almost dead.
You completely miss the ufetubus. The ufetubus is struck by your spines.
The ufetubus hits you but does no damage.
The ufetubus hits you.
* * * LOW HITPOINT WARNING * * *
The ynoxinul gestures at you. The iron shot hits you!!
You die...

##.##........##
##...........####
##...#........##.##
##.................#
#...........>.....##
#.......[).........#
##....#).....ยง.....##
#....#.[......5#3...#
##.###.<...#.##@...##
### #........##.###
##..##.#.#####
#....##### ##...##
#.....# ##.#.## #####


You could see a ynoxinul (summoned) and an ufetubus (summoned).

Vanquished Creatures
  2 two-headed ogres (D:10)
  An orc knight (Orc:1)
  A manticore (D:10)
  Maurice (D:8)
  Maggie (D:8)
  Psyche (D:8)
  A troll (D:10)
  A hornet (D:9)
  A shadow (D:10)
  3 yaks (D:9)
  A vampire (D:10)
  A steam dragon (D:7)
  3 vampire mosquitoes (D:5)
  Menkaure (D:7)
  An acid dragon (D:10)
  4 water moccasins
  A hornet zombie (D:7)
  5 orc warriors
  2 sky beasts
  2 black bears
  5 ogres
  5 centaurs
  2 phantoms (D:6)
  3 kobold brigands
  4 bullfrogs
  A wyvern zombie (D:5)
  A gnoll sergeant (D:6)
  5 scorpions
  A water moccasin skeleton (D:5)
  18 killer bees
  3 wights (D:7)
  7 howler monkeys
  2 centaur zombies
  2 hounds
  A bullfrog zombie (D:6)
  A jelly (D:6)
  7 orc priests
  5 iguanas
  3 bullfrog skeletons (D:5)
  3 centaur skeletons
  12 orc wizards
  A killer bee zombie (D:7)
  A hound skeleton (D:4)
  3 howler monkey zombies
  12 gnolls
  11 adders
  3 river rats
  5 worms
  2 dart slugs
  28 orcs
  10 ball pythons
  5 endoplasms
  2 giant cockroaches (D:3)
  8 goblins
  3 hobgoblins
  7 jackals
  6 quokkas
  4 bats
  3 frilled lizards
  18 kobolds
  8 rats
265 creatures vanquished.

Vanquished Creatures (collateral kills)
  3 orc warriors (D:10)
  An orc priest (D:10)
  An orc wizard (D:10)
  3 orcs (D:10)
8 creatures vanquished.

Vanquished Creatures (others)
  A killer bee (D:8)
  An orc (Orc:2)
  43 fungi
  35 plants
80 creatures vanquished.

Grand Total: 353 creatures vanquished

Notes
Turn   | Place    | Note
-------+----------+-------------------------------------------
     0 | D:1      | kipponium the Demonspawn Monk began the quest for the Orb.
     0 | D:1      | Reached XP level 1. HP: 18/18 MP: 1/1
    93 | D:1      | Reached skill level 3 in Axes
   300 | D:1      | Gained mutation: Your movements are slightly less
                  | encumbered by armour. (ER -2) [demonic ancestry]
   300 | D:1      | Reached XP level 2. HP: 24/24 MP: 2/2
  1205 | D:1      | Found a faded altar of an unknown god.
  1252 | D:2      | Gained mutation: You are partially covered in sharp spines.
                  | [demonic ancestry]
  1252 | D:2      | Reached XP level 3. HP: 28/29 MP: 3/3
  1403 | D:2      | Reached skill level 4 in Axes
  1896 | D:2      | Gained mutation: You have a small tail. [demonic ancestry]
  1896 | D:2      | Reached XP level 4. HP: 35/35 MP: 4/4
  2287 | D:3      | Found a glowing drain.
  2311 | D:3      | Reached skill level 5 in Axes
  2421 | Sewer    | Entered a sewer
  2491 | Sewer    | Noticed a kobold brigand
  2511 | Sewer    | Killed a kobold brigand
  2512 | Sewer    | Gained mutation: Your movements are less encumbered by
                  | armour. (ER -4) [demonic ancestry]
  2512 | Sewer    | Reached XP level 5. HP: 14/41 MP: 5/5
  2874 | D:3      | Reached skill level 6 in Axes
  2965 | D:3      | Found a burning altar of Makhleb.
  2974 | D:3      | Became a worshipper of Makhleb the Destroyer
  2974 | D:3      | Reached * piety under Makhleb
  2974 | D:3      | Reached ** piety under Makhleb
  3189 | D:3      | Gained mutation: You have a tail ending in a sharp stinger.
                  | [demonic ancestry]
  3189 | D:3      | Reached XP level 6. HP: 47/47 MP: 6/6
  3844 | D:4      | Found a staircase to the Ecumenical Temple.
  4070 | D:4      | Reached skill level 7 in Axes
  4425 | D:5      | Entered Level 5 of the Dungeon
  4462 | D:5      | Gained mutation: You regenerate magic rapidly. [demonic
                  | ancestry]
  4462 | D:5      | Reached XP level 7. HP: 51/52 MP: 7/7
  4720 | D:5      | Reached skill level 8 in Axes
  4917 | D:5      | Found a broken altar of Ashenzari.
  4931 | D:5      | Noticed a vampire mosquito
  4932 | D:5      | Noticed a vampire mosquito
  4963 | D:5      | Noticed a vampire mosquito
  4968 | D:5      | Killed a vampire mosquito
  4969 | D:5      | Reached skill level 9 in Axes
  4969 | D:5      | Reached XP level 8. HP: 58/58 MP: 8/8
  4986 | D:5      | Reached *** piety under Makhleb
  4994 | D:5      | Reached skill level 10 in Axes
  5764 | D:6      | Reached skill level 11 in Axes
  5951 | D:6      | Gained mutation: You have a sharp stinger which inflicts
                  | weakening toxins. [demonic ancestry]
  5951 | D:6      | Reached XP level 9. HP: 49/63 MP: 9/9
  6305 | D:5      | Found a sparkling altar of Nemelex Xobeh.
  6305 | D:5      | Found a shadowy altar of Dithmenos.
  6418 | D:6      | Found a shimmering altar of Xom.
  7107 | D:7      | Reached skill level 12 in Axes
  7192 | D:7      | Reached **** piety under Makhleb
  7228 | D:7      | Noticed Duvessa
  7229 | D:7      | Noticed Dowan
  7230 | D:7      | Noticed Dowan
  7230 | D:7      | Dowan changed into Dowan the hound
  7233 | D:7      | Killed Dowan the hound
  7241 | D:7      | Noticed Duvessa
  7241 | D:7      | Duvessa changed into Duvessa the worm
  7297 | D:7      | Killed Duvessa the worm
  7570 | D:7      | Found a snail-covered altar of Cheibriados.
  7571 | D:7      | Noticed Menkaure
  7588 | D:7      | Killed Menkaure
  7927 | D:7      | Reached skill level 13 in Axes
  7994 | D:7      | Found a runed translucent door.
  7995 | D:7      | Noticed Crazy Yiuf
  8239 | D:8      | Found a sacrificial altar of Ru.
  8269 | D:8      | Noticed Psyche
  8292 | D:8      | Killed Psyche
  8293 | D:8      | Reached XP level 10. HP: 43/70 MP: 10/10
  8601 | D:8      | Noticed Maurice
  8628 | D:8      | Killed Maurice
  8932 | D:8      | Noticed Maggie
  8946 | D:8      | Killed Maggie
  8947 | D:8      | Reached skill level 14 in Axes
  8979 | D:8      | You fall into a shaft and drop 1 floor!
 10258 | D:10     | Entered Level 10 of the Dungeon
 10276 | D:10     | Reached skill level 15 in Axes
 10446 | D:10     | Noticed a two-headed ogre
 10851 | D:10     | Noticed a manticore
 11128 | D:10     | Reached ***** piety under Makhleb
 11184 | D:10     | Gained mutation: You are mostly covered in sharp spines.
                  | [demonic ancestry]
 11184 | D:10     | Reached XP level 11. HP: 56/75 MP: 11/11
 11189 | D:10     | Killed a two-headed ogre
 11193 | D:10     | Noticed a two-headed ogre
 11202 | D:10     | Killed a two-headed ogre
 11213 | D:10     | Found a staircase to the Lair.
 11368 | D:10     | Reached skill level 16 in Axes
 11994 | D:10     | Found a staircase to the Orcish Mines.
 12006 | Orc:1    | Entered Level 1 of the Orcish Mines
 12335 | Orc:2    | Entered Level 2 of the Orcish Mines
 12335 | Orc:2    | Found a staircase to the Elven Halls.
 12417 | Orc:1    | Noticed an ettin
 12461 | Orc:2    | Reached skill level 1 in Invocations
 12550 | Orc:2    | Noticed an orc knight
 12715 | Orc:1    | Killed an orc knight
 12734 | Orc:1    | Killed from afar by a ynoxinul

Illustrated notes

Levels and vault maps discovered:
D:1:      roderic_chinese_lattice_arrival, layout_loops_cross,
          shapermc_ecumenical_altar_mp_ritualfount, serial_bayou_lagoon_b
D:2:      layout_basic
D:3:      layout_rooms, bloody_makhleb, portal_sewer_entry_b
D:4:      layout_loops_ring, minmay_temple_entry_statues_pillars,
          minmay_misc_feat_columns
D:5:      layout_basic, nicolae_overflow_hidden_temple,
          minmay_manual_mandibuliform
D:6:      layout_basic, mainiacjoe_overflow_alcove_1,
          minmay_misc_feat_secret_circle
D:7:      layout_loops_ring, mainiacjoe_overflow_small_starburst, uniq_duvessa,
          uniq_crazy_yiuf_cottage, uniq_menkaure
D:8:      layout_rooms, nicolae_ru_great_annihilating_truth,
          serial_bayou_crossing, uniq_maurice, uniq_psyche, uniq_maggie
D:9:      layout_irregular_city
D:10:     layout_roguey, due_lair_maze_entry_diamond, david_orc_4,
          eino_tiny_chamber
Orc:1:    layout_caves, special_room [special_room_orc], bh_open_orc_temple
Orc:2:    st_orc_mages, layout_caves, serial_shops, shop, uniq_donald

Skill      XL: |  1  2  3  4  5  6  7  8  9 10 11 |
---------------+----------------------------------+-----
Axes           | 3 4 5 6 7 9 11 13 15 16 | 16.0
Fighting       | 4 |  4.8
Dodging        | 3 |  3.7
Invocations    | 2 |  2.2
Stealth        | |  1.7
Evocations     | |  0.3

Action                   |  1- 3 |  4- 6 |  7- 9 | 10-12 || total
-------------------------+-------+-------+-------+-------++-------
Melee: Hand axe          |   112 |   134 |       |       ||   246
       Tailslap          |       |    23 |    51 |    51 ||   125
       War axe           |       |     7 |   302 |   303 ||   612
Throw: Dart              |       |     6 |    25 |    24 ||    55
Invok: Lesser Servant of |       |       |       |     5 ||     5
       Minor Destruction |       |       |       |     1 ||     1
Evoke: Wand              |       |       |     9 |    11 ||    20
  Use: Scroll            |       |     1 |     6 |     4 ||    11
       Potion            |       |     1 |       |     3 ||     4
 Stab: Sleeping          |     3 |     6 |     3 |     3 ||    15
       Invisible         |       |       |     2 |       ||     2
       Paralysed         |       |       |     1 |       ||     1
       Distracted        |       |       |       |     1 ||     1
Armor: Robe              |    26 |    33 |       |       ||    59
       Ring mail         |       |    16 |   119 |    28 ||   163
       Steam dragon scal |       |       |       |    50 ||    50
Dodge: Dodged            |    66 |    86 |   153 |   158 ||   463

Table legend: (Time is in decaauts)
 A = Elapsed time spent in this place.
 B = Non-inter-level travel time spent in this place.
 C = Inter-level travel time spent in this place.
 D = Time resting spent in this place.
 E = Time spent auto-exploring this place.
 F = Levels seen in this place.
 G = Mean time per level.
                   A        B        C        D        E       F      G
               +--------+--------+--------+--------+--------+-----+--------+
         Total |  12725 |  12264 |    461 |   4500 |   5128 |  13 |  978.8 |
       Dungeon |  11563 |  11109 |    454 |   3957 |   4982 |  10 | 1156.3 |
  Orcish Mines |    713 |    706 |      7 |    326 |     67 |   2 |  356.5 |
         Sewer |    447 |    447 |      0 |    216 |     79 |   1 |  447.0 |
               +--------+--------+--------+--------+--------+-----+--------+

Top non-repeatable levels by time:
     D:9: 1644 daAuts
     D:6: 1552 daAuts
     D:1: 1280 daAuts
     D:5: 1216 daAuts
    D:10: 1178 daAuts
     D:4: 1074 daAuts
     D:2: 1036 daAuts
     D:7: 1029 daAuts
     D:8: 897 daAuts
     D:3: 654 daAuts
   Orc:1: 466 daAuts
   Sewer: 447 daAuts
   Orc:2: 247 daAuts
